 Dungeon Crawl Stone Soup version bcrawl-1.29.4 (webtiles) character file.

Game seed: 2710454029571261657

324603 Artagas the Thaumaturge (level 13, -9/113 HPs)
             Began as a Djinni Air Elementalist on Mar 4, 2021.
             Was a Follower of Uskayaw.
             Mangled by a five-headed hydra (11 damage)
             ... on level 6 of the Lair of Beasts on Mar 5, 2021.
             The game lasted 00:56:33 (21413 turns).

Artagas the Thaumaturge (Djinni Air Elementalist)  Turns: 21413, Time: 00:56:33

Health: -9/113     AC:  7    Str: 11    XL:     13   Next: 33%
Magic:  11/36      EV: 18    Int: 27    God:    Uskayaw [*.....]
Gold:   1126       SH:  0    Dex: 17    Spells: 23/38 levels left

rFire    + . .     SeeInvis .   b - +2 flail (protect)
rCold    . . .     Gourm    .   (no shield)
rNeg     . . .     Faith    .   J - +0 leather armour {MR+}
rPois    .         Spirit   .   p - +1 helmet
rElec    .         Reflect  .   Q - scarf {clouds}
rCorr    .         Harm     .   B - +0 pair of gloves
MR       ++...     Rnd*Rage +   (boots unavailable)
Stlth    ++........             (no amulet)
HPRegen  0.28/turn              o - +6 ring of dexterity
MPRegen  0.25/turn              K - +4 ring of intelligence

@: about to teleport, flying, slowed, very slow
A: never pass out, berserk 2, blink, blurry vision 2, fire resistance 1, high mp
2, wild magic 3, disrupted magic 1, MP-powered wands, floating
a: Blink, Stomp, Renounce Religion, Evoke Fog


You were on level 6 of the Lair of Beasts.
You worshipped Uskayaw.
Uskayaw was aware of your devotion.
You were hungry.

You visited 2 branches of the dungeon, and saw 15 of its levels.

You collected 1241 gold pieces.
You spent 115 gold pieces at shops.

Inventory:

Hand Weapons
 a - a +0 blowgun
   (You took it off a kobold on level 3 of the Dungeon)
 b - a +2 flail of protection (weapon)
   (You took it off Edmund on level 6 of the Dungeon)
 m - a +0 rapier
   (You found it on level 2 of the Dungeon)
 E - a +0 dagger
   (You found it on level 1 of the Dungeon)
Missiles
 h - 326 poisoned needles
 k - 467 sling bullets
 u - 19 curare-tipped needles
 x - 189 poisoned tomahawks (quivered)
 O - 7 throwing nets {=f}
Armour
 p - a +1 helmet (worn)
   (You found it on level 2 of the Dungeon)
 B - a +0 pair of gloves (worn)
   (You found it on level 3 of the Dungeon)
 F - a +3 scale mail of fire resistance
   (You found it on level 3 of the Lair of Beasts)
 J - a +0 leather armour of magic resistance (worn)
   (You took it off an orc on level 5 of the Dungeon)
 Q - a scarf of clouds (worn)
   (You found it on level 9 of the Dungeon)
 X - the +0 robe of the Invisible Souls {Regen+ Str+4 Dex+3 SInv, unknown}
   (You found it on level 5 of the Lair of Beasts)

   It affects your strength (+4).
   It affects your dexterity (+3).
   It lets you see invisible.
   It increases your rate of regeneration.
Jewellery
 i - an uncursed ring of see invisible
   (You found it on level 7 of the Dungeon)
 o - a +6 ring of dexterity (left hand)
   (You took it off an orc on level 4 of the Dungeon)
 K - a +4 ring of intelligence (right hand)
   (You found it on level 6 of the Dungeon)
 P - an uncursed ring of stealth
   (You found it on level 7 of the Dungeon)
Wands
 v - a wand of digging (4)
   (You took it off an orc priest on level 9 of the Dungeon)
 A - a wand of random effects (23)
   (You found it on level 3 of the Dungeon)
 L - a wand of flame (17)
   (You found it on level 6 of the Dungeon)
 T - a wand of clouds (4)
   (You found it on level 2 of the Lair of Beasts)
 U - a wand of polymorph (6)
   (You found it on level 3 of the Lair of Beasts)
 V - a wand of acid (4)
   (You found it on level 5 of the Lair of Beasts)
 W - a wand of iceblast (7)
   (You found it on level 5 of the Lair of Beasts)
Scrolls
 f - a scroll of fear
 g - a scroll of magic mapping
 j - 9 scrolls of remove curse
 r - 2 scrolls of identify
 y - 2 scrolls of enchant weapon
 z - 2 scrolls of blinking
 C - 6 scrolls of amnesia
 D - 3 scrolls of immolation
 I - 4 scrolls of enchant armour
 N - a scroll of noise
 S - 2 scrolls of fog
Potions
 c - 2 potions of flight
 d - 4 potions of might
 l - 3 potions of mutation
 n - 2 potions of resistance
 q - 4 potions of curing
 s - 3 potions of agility
 w - a potion of heal wounds
 G - a potion of berserk rage
 H - a potion of cancellation
 M - 3 potions of brilliance
 R - a potion of lignification
Miscellaneous
 Y - a phantom mirror
Comestibles
 e - 35 rations {!d}


   Skills:
 - Level 10.0 Fighting
 + Level 5.4 Armour
 - Level 9.0 Dodging
 - Level 1.5 Stealth
 - Level 13.0 Spellcasting
 + Level 10.0 Conjurations
 + Level 11.8 Air Magic
 - Level 8.0 Invocations
 - Level 5.0 Evocations


You had 23 spell levels left.
You knew the following spells:

 Your Spells              Type           Power        Failure   Level  Hunger
a - Shock                 Conj/Air       #####        3%          1    None
b - Airstrike             Air            ########..   6%          4    None
c - Static Discharge      Air            ########     4%          3    None
d - Lightning Bolt        Conj/Air       #######...   12%         5    #......
e - Swiftness             Chrm/Air       #######.     8%          2    None

Your spell library contained the following spells:

 Spells                   Type           Power        Failure   Level  Hunger


Dungeon Overview and Level Annotations

Branches:
Dungeon (9/12)             Temple (0/1) D:6            Lair (6/6) D:9
  Swamp (0/3) Lair:4       Spider (0/3) Lair:4          Orc (0/1) D:9
  Slime: Lair:5-6

Altars:
Cheibriados
Dithmenos
Fedhas
Gozag
Hepliaklqana
Kikubaaqudgha
Lugonu
Makhleb
Nemelex Xobeh
Okawaru
Qazlal
Ru
Uskayaw
Wu Jian
Xom
The Shining One

Shops:
D:3 *   D:4 =!*   D:6 (

Annotations:
D:6 1 runed door, 1 exclusion
D:9 2 transporters, Erica
Lair:6 Urug


Innate Abilities, Weirdness & Mutations

You never pass out after going berserk.
You often lose your temper in combat.
You can translocate small distances at will.
Scrolls take you longer to read.
Your flesh is heat resistant. (rF+)
You have a considerably increased reservoir of magic. (+20% MP)
Your spells are much harder to cast, but much more powerful.
Your casting is slightly disrupted.
You expend magic power (3 MP) to strengthen your wands.
Your body floats in the air.


Message History

You thump the fungus!
The fungus is moderately damaged.
You feel sick.
You hear a trumpeting!
You hear a bellow! x2
You feel sick.
You feel sick.
The elephant trumpets!
You hear a trumpeting!
You hear an angry hiss.
The dream sheep ruffle their wool and motes of dream dust sparkle, to no effect.
Really fly into that teleport trap?
You enter a teleport trap!
The teleport trap disappears.
Your surroundings suddenly seem different.
A rime drake, a swamp drake, a swamp dragon and a fire dragon come into view.
You have encountered a dangerous foe!
You feel sick.
Unknown command.
The rime drake hisses angrily.
The fire dragon roars deafeningly!
The swamp dragon roars deafeningly!
Your blurry vision makes reading the scroll take longer!
The swamp drake roars!
The swamp drake breathes poison at you. The noxious blast misses you.
You begin reading the scroll.
You continue reading the scroll.
As you read the scroll of teleportation, it crumbles to dust.
You feel strangely unstable.
An iguana comes into view.
You feel sick.
The iguana hisses angrily.
The steam dragon hisses angrily.
The steam dragon breathes steam at you. You resist. The ball of steam hits you.
The iguana bites the plant.
The rime drake is engulfed in noxious fumes.
The rime drake appears confused.
Your surroundings suddenly seem different.
The yak bellows! x2
A basilisk comes into view.
The basilisk hisses angrily.
The yak bellows!
An elephant comes into view.
The elephant trumpets!
A crocodile comes into view.
The yak gores you but does no damage.
The yak gores the plant but does no damage.
You hear a trumpeting!
A rime drake comes into view.
The rime drake hisses angrily.
The rime drake breathes ice at you. The flash freeze misses you.
The yak gores you!
Okay, then.
You feel sick. The rime drake breathes ice at you. The flash freeze misses you.
The flash freeze hits the fungus!
The fungus is flash-frozen.
Your blurry vision makes reading the scroll take longer!
The basilisk bites you but does no damage.
The yak gores you. The yak gores you but does no damage.
Your magical contamination has completely faded away.
You begin reading the scroll.
You continue reading the scroll.
The basilisk bites you! The yak gores you! The yak gores you.
* * * LOW HITPOINT WARNING * * *
The crocodile misses you.
As you read the scroll of fear, it crumbles to dust.
You assume a fearsome visage.
The komodo dragon looks frightened!
The rime drake looks frightened!
The crocodile looks frightened!
The elephant looks frightened! x2; The yak looks frightened! x5
The basilisk looks frightened!
You feel better.
q - 4 potions of curing;
h - 326 poisoned needles The yak gores you.
The crocodile bites the fungus!
An elephant comes into view.
A goliath frog comes into view.
The elephant trumpets!
The goliath frog moves out of view.
A five-headed hydra comes into view.
The five-headed hydra roars!
The yak seems to regain its courage. x2
The yak seems to regain its courage.
Being near the torpor snail leaves you feeling lethargic.
Your blurry vision makes reading the scroll take longer!
The yak misses you.
The elephant tramples something!
The elephant trunk-slaps something.
The yak gores you. x2
* * * LOW HITPOINT WARNING * * *
You begin reading the scroll.
You continue reading the scroll.
The elephant trumpets!
The elephant tramples you.
* * * LOW HITPOINT WARNING * * *
You are shoved backwards!
The yak closely misses you. The five-headed hydra bites you!
* * * LOW HITPOINT WARNING * * *
The five-headed hydra bites you but does no damage.
The five-headed hydra misses you. x2; The five-headed hydra bites you!
* * * LOW HITPOINT WARNING * * *
As you read the scroll of teleportation, it crumbles to dust.
You feel strangely unstable.
Okay, then.
The elephant completely misses you. x2
The five-headed hydra completely misses you.
The five-headed hydra barely misses you.
The five-headed hydra completely misses you.
The five-headed hydra bites you!
* * * LOW HITPOINT WARNING * * *
The five-headed hydra bites you!
You die...

#...P.#....... .....P.P...
##...YY....... ....P.....
#....t..P...# ....P.P..#... .
#..#PY.#.PY#...###..PP....P...##
#..........Y....................
#.....#....#.## ..............PP
#....#.#..YY..####P............P
##..l.........YY.......$.... ...
#.......P.....Y@wP....(.......#.
#........P....YD................
#P..P....P..Y..lP...P.......##..
#...P........†...F......... ##.
.#......#.............#...# .⌠
#...................t.[.... ...
#.................t......#P #⌠.<
#........./................ #...
#....##.#.........P....#..# ##t⌠


You could see a five-headed hydra, 4 elephants, a torpor snail, a goliath frog,
a komodo dragon, 4 yaks, 2 crocodiles and a dream sheep.

Vanquished Creatures
  Snorg (Lair:5)
  2 hydras
  Harold (D:9)
  2 two-headed ogres
  A tengu warrior (D:9)
  Sonja (Lair:1)
  2 wolf spiders
  4 oklob plants
  An elephant (D:9)
  4 black mambas
  14 cane toads
  2 komodo dragons
  A tengu conjurer (D:9)
  A troll (D:9)
  A queen bee (Lair:3)
  A jumping spider (Lair:4)
  10 dream sheep (Lair:4)
  7 hippogriffs
  11 blink frogs
  A shadow (D:9)
  3 yaks (Lair:3)
  2 wyverns (Lair:4)
  Grum (Lair:1)
  A basilisk (D:9)
  Menkaure (D:6)
  Edmund (D:6)
  6 crocodiles
  3 water moccasins
  8 porcupines
  A hornet zombie (D:6)
  7 orc warriors
  An ice beast (D:9)
  A phantom (D:4)
  2 eyes of draining (D:7)
  A black bear (D:8)
  3 ogres
  2 sky beasts
  45 wolves
  4 centaurs
  A big kobold (D:7)
  11 bullfrogs
  A wyvern zombie (D:8)
  A scorpion (D:8)
  25 killer bees (Lair:3)
  4 wights (D:6)
  5 howler monkeys
  5 crimson imps
  4 bullfrog zombies
  5 orc priests
  3 hounds
  8 orc wizards
  3 centaur skeletons
  An iguana (D:9)
  10 worker ants
  3 hound zombies
  3 hound skeletons
  2 worker ant zombies (D:8)
  2 howler monkey skeletons
  12 adders
  14 gnolls
  A shadow imp (D:5)
  2 oozes (D:3)
  An adder zombie (D:7)
  An adder skeleton (D:4)
  7 worms
  3 dart slugs
  3 leopard geckos
  38 orcs
  A ball python (D:1)
  8 bats
  6 giant cockroaches
  2 goblins
  11 hobgoblins
  11 jackals
  15 kobolds
  5 quokkas
  3 frilled lizards
  A jackal skeleton (D:4)
  3 rats
  A fungus (Lair:3)
407 creatures vanquished.

Vanquished Creatures (others)
  A dream sheep (Lair:6)
  21 fungi
  10 plants
32 creatures vanquished.

Grand Total: 439 creatures vanquished

Notes
Turn   | Place    | Note
-------+----------+-------------------------------------------
     0 | D:1      | Artagas the Djinni Air Elementalist began the quest for the
                  | Orb.
     0 | D:1      | Reached XP level 1. HP: 14/14 MP: 4/4
   195 | D:1      | Reached skill level 4 in Air Magic
   204 | D:1      | Reached XP level 2. HP: 18/20 MP: 3/6
   551 | D:1      | Reached skill level 2 in Conjurations
  1109 | D:1      | Reached XP level 3. HP: 26/26 MP: 0/7
  1309 | D:1      | Learned a level 3 spell: Static Discharge
  1312 | D:1      | Learned a level 2 spell: Swiftness
  1313 | D:2      | Found a hide-covered altar of Uskayaw.
  1314 | D:2      | Noticed a +0 dagger
  1314 | D:2      | Noticed a +0 hand axe
  1319 | D:2      | Became a worshipper of Uskayaw the Reveler
  1321 | D:2      | Reached * piety under Uskayaw
  2283 | D:3      | Reached ** piety under Uskayaw
  2352 | D:3      | Reached skill level 3 in Conjurations
  2357 | D:3      | Reached skill level 5 in Air Magic
  2481 | D:3      | Gained mutation: Your spells are harder to cast, but more
                  | powerful. [Djinni growth]
  2481 | D:3      | Gained mutation: You can translocate small distances at
                  | will. [Djinni growth]
  2481 | D:3      | Reached XP level 4. HP: 33/33 MP: 1/8
  3017 | D:3      | Reached skill level 6 in Air Magic
  3017 | D:3      | Reached XP level 5. HP: 20/38 MP: 8/10
  3154 | D:3      | Found a shadowy altar of Dithmenos.
  3224 | D:3      | Learned a level 4 spell: Airstrike
  3319 | D:3      | Found a burning altar of Makhleb.
  3319 | D:3      | Noticed a cacodemon
  3323 | D:3      | Noticed a hellwing
  3323 | D:3      | Noticed a neqoxec
  3393 | D:3      | Reached skill level 4 in Spellcasting
  3540 | D:3      | Found an opulent altar of Gozag.
  3566 | D:3      | Found Gozag's Platinum Reserve.
  3698 | D:3      | Reached skill level 5 in Spellcasting
  3917 | D:3      | Found an ancient bone altar of Kikubaaqudgha.
  4032 | D:4      | Found Tudoh's Jewellery Shop.
  4032 | D:4      | Found Duihupra's Distillery.
  4032 | D:4      | Noticed an ogre
  4081 | D:4      | Found Diakocwo's General Store.
  4085 | D:4      | Bought a scroll of identify for 24 gold pieces
  4164 | D:4      | Reached XP level 6. HP: 45/45 MP: 7/13
  4384 | D:4      | Reached skill level 4 in Conjurations
  4384 | D:4      | Reached *** piety under Uskayaw
  4441 | D:4      | Reached skill level 7 in Air Magic
  4461 | D:4      | Reached skill level 5 in Conjurations
  4461 | D:4      | Reached XP level 7. HP: 45/51 MP: 3/14
  4506 | D:4      | Reached skill level 1 in Fighting
  4549 | D:4      | Bought a potion of curing for 35 gold pieces
  4549 | D:4      | Bought a potion of brilliance for 56 gold pieces
  4580 | D:4      | Reached skill level 2 in Fighting
  4654 | D:4      | Reached skill level 3 in Fighting
  4906 | D:4      | Reached skill level 4 in Fighting
  4912 | D:4      | Learned a level 5 spell: Lightning Bolt
  5081 | D:4      | Identified the +2 leather armour of Gikap {*Slow rPois
                  | Regen+ SInv}
  5743 | D:5      | Entered Level 5 of the Dungeon
  5779 | D:5      | Reached skill level 1 in Invocations
  6169 | D:5      | Gained mutation: Your spells are much harder to cast, but
                  | much more powerful. [Djinni growth]
  6169 | D:5      | Reached XP level 8. HP: 61/66 MP: 1/16
  6311 | D:5      | Found a glowing golden altar of the Shining One.
  6320 | D:5      | Reached skill level 2 in Invocations
  6507 | D:5      | Found a shimmering altar of Xom.
  6739 | D:5      | Found an ornate altar of the Wu Jian Council.
  6824 | D:5      | Reached skill level 6 in Spellcasting
  7225 | D:6      | Found Ozxaewic's Antique Weapon Emporium.
  7229 | D:6      | Reached skill level 6 in Conjurations
  7265 | D:6      | Reached skill level 8 in Air Magic
  7265 | D:6      | Reached skill level 3 in Invocations
  7451 | D:6      | Found a staircase to the Ecumenical Temple.
  7944 | D:6      | Reached skill level 7 in Spellcasting
  7972 | D:6      | Noticed Edmund
  7976 | D:6      | Killed Edmund
  7977 | D:6      | Reached skill level 4 in Invocations
  8059 | D:6      | Found an iron altar of Okawaru.
  8162 | D:6      | Found a runed door.
  8247 | D:6      | Noticed Menkaure
  8252 | D:6      | Killed Menkaure
  8253 | D:6      | Reached XP level 9. HP: 36/71 MP: 1/19
  8258 | D:6      | Noticed a deep elf mage
  8464 | D:6      | Reached skill level 7 in Conjurations
  8464 | D:6      | Reached skill level 9 in Air Magic
  8468 | D:6      | Reached skill level 5 in Invocations
  8468 | D:6      | Found a blossoming altar of Fedhas.
  8529 | D:6      | Found a sparkling altar of Nemelex Xobeh.
  8530 | D:6      | Found a hazy altar of Hepliaklqana.
  8531 | D:6      | Found an opulent altar of Gozag.
  8537 | D:6      | Found a corrupted altar of Lugonu.
  8538 | D:6      | Found a sacrificial altar of Ru.
  8755 | D:7      | Reached skill level 5 in Fighting
  9100 | D:7      | Reached skill level 6 in Fighting
  9351 | D:7      | Found a stormy altar of Qazlal.
 10097 | D:8      | Reached skill level 8 in Conjurations
 10100 | D:8      | Reached skill level 10 in Air Magic
 10101 | D:8      | Reached **** piety under Uskayaw
 10672 | D:8      | Reached skill level 8 in Spellcasting
 10733 | D:8      | Noticed a two-headed ogre
 10746 | D:8      | Killed a two-headed ogre
 10747 | D:8      | Reached skill level 9 in Spellcasting
 10747 | D:8      | Reached XP level 10. HP: 75/83 MP: 1/23
 11285 | D:9      | Reached skill level 10 in Spellcasting
 11301 | D:9      | Noticed Erica
 11467 | D:9      | Reached skill level 7 in Fighting
 11568 | D:9      | Found a transporter.
 11569 | D:9      | Found a snail-covered altar of Cheibriados.
 11569 | D:9      | Noticed an orc sorcerer
 11571 | D:9      | Noticed a centaur warrior
 11572 | D:9      | Noticed a gargoyle
 11579 | D:9      | Noticed a tengu warrior
 11698 | D:9      | Noticed a two-headed ogre
 11713 | D:9      | Killed a two-headed ogre
 11714 | D:9      | Reached skill level 11 in Air Magic
 11714 | D:9      | Reached skill level 1 in Evocations
 11719 | D:9      | Noticed a wolf spider
 12009 | D:9      | Reached skill level 2 in Evocations
 12067 | D:9      | Found a transporter.
 12129 | D:9      | Reached skill level 3 in Evocations
 12197 | D:9      | Noticed Harold
 12200 | D:9      | Reached skill level 6 in Invocations
 12224 | D:9      | Killed Harold
 12225 | D:9      | Reached skill level 4 in Evocations
 12371 | D:9      | Reached skill level 5 in Evocations
 12384 | D:9      | Reached skill level 7 in Invocations
 12407 | D:9      | HP: 7/86 [orc warrior/+0 war axe (12)]
 12597 | D:9      | Reached XP level 11. HP: 87/92 MP: 19/25
 12647 | D:9      | Found a staircase to the Lair.
 12784 | D:9      | Reached skill level 8 in Invocations
 12847 | D:9      | Found a sparkling altar of Nemelex Xobeh.
 13066 | D:9      | Killed a tengu warrior
 13067 | D:9      | Reached skill level 9 in Conjurations
 13240 | D:9      | Killed a wolf spider
 13241 | D:9      | Reached skill level 3 in Dodging
 13338 | D:9      | Found a staircase to the Orcish Mines.
 13671 | Lair:1   | Entered Level 1 of the Lair of Beasts
 13712 | Lair:1   | Reached skill level 4 in Dodging
 13724 | Lair:1   | HP: 8/92 [wolf (10)]
 13910 | Lair:1   | HP: 8/92 [wolf (7)]
 14086 | Lair:1   | Noticed Sonja
 14088 | Lair:1   | Reached skill level 5 in Dodging
 14088 | Lair:1   | Killed Sonja
 14102 | Lair:1   | Reached skill level 6 in Dodging
 14653 | Lair:1   | Reached skill level 1 in Armour
 14659 | Lair:1   | Noticed Grum
 14662 | Lair:1   | Killed Grum
 14806 | Lair:1   | Reached skill level 2 in Armour
 15112 | Lair:1   | Reached skill level 8 in Fighting
 15182 | Lair:1   | Reached skill level 7 in Dodging
 15220 | Lair:1   | Reached skill level 3 in Armour
 15993 | Lair:2   | Gained mutation: Your casting is slightly disrupted.
                  | [Djinni growth]
 15993 | Lair:2   | Gained mutation: Your flesh is heat resistant. (rF+)
                  | [Djinni growth]
 15993 | Lair:2   | Gained mutation: You have an increased reservoir of magic.
                  | (+10% MP) [Djinni growth]
 15993 | Lair:2   | Gained mutation: You have a considerably increased
                  | reservoir of magic. (+20% MP) [Djinni growth]
 15993 | Lair:2   | Reached XP level 12. HP: 102/102 MP: 12/31
 16321 | Lair:2   | Reached skill level 4 in Armour
 16489 | Lair:2   | Reached skill level 9 in Fighting
 16489 | Lair:2   | Reached skill level 8 in Dodging
 17443 | Lair:3   | Noticed a six-headed hydra
 17988 | Lair:3   | Reached skill level 11 in Spellcasting
 18105 | Lair:3   | Reached skill level 9 in Dodging
 18135 | Lair:3   | Reached skill level 10 in Fighting
 18284 | Lair:3   | Killed a six-headed hydra
 18285 | Lair:3   | Reached skill level 12 in Spellcasting
 19274 | Lair:4   | Reached ***** piety under Uskayaw
 19368 | Lair:4   | Found a staircase to the Swamp.
 19389 | Lair:4   | Reached skill level 13 in Spellcasting
 19623 | Lair:4   | Reached XP level 13. HP: 113/113 MP: 27/36
 20141 | Lair:4   | Found a hole to the Spider Nest.
 20699 | Lair:5   | Noticed Snorg
 20707 | Lair:5   | Killed Snorg
 20708 | Lair:5   | Reached skill level 5 in Armour
 20952 | Lair:5   | Got an ominously black robe
 21265 | Lair:6   | Entered Level 6 of the Lair of Beasts
 21269 | Lair:6   | Noticed Urug
 21376 | Lair:6   | Reached skill level 10 in Conjurations
 21392 | Lair:6   | Noticed a fire dragon
 21412 | Lair:6   | HP: 11/113 [five-headed hydra (12)]
 21413 | Lair:6   | HP: 2/113 [five-headed hydra (9)]
 21413 | Lair:6   | Mangled by a five-headed hydra

Skill      XL: |  1  2  3  4  5  6  7  8  9 10 11 12 13 |
---------------+----------------------------------------+-----
Air Magic      | 4 5 6 7 8 10 11 | 11.8
Conjurations   | 2 3 5 6 8 9 10 | 10.0
Spellcasting   | 5 7 9 10 13 | 13.0
Fighting       | 4 6 7 8 10 | 10.0
Invocations    | 1 4 5 7 8 |  8.0
Evocations     | 5 |  5.0
Dodging        | 7 9 |  9.0
Armour         | 3 4 5 |  5.4
Stealth        | |  1.5

Action                   |  1- 3 |  4- 6 |  7- 9 | 10-12 | 13-15 || total
-------------------------+-------+-------+-------+-------+-------++-------
Melee: Unarmed           |     4 |       |       |       |       ||     4
       Flail             |       |       |     1 |    13 |     4 ||    18
 Fire: Blowgun           |       |    18 |     3 |    23 |       ||    44
Throw: Tomahawk          |       |     3 |    33 |     8 |     8 ||    52
 Cast: Shock             |    82 |    74 |    92 |    15 |       ||   263
       Static Discharge  |     4 |     1 |     4 |    23 |     3 ||    35
       Swiftness         |       |     1 |     2 |     3 |       ||     6
       Airstrike         |       |    12 |   133 |   222 |    31 ||   398
       Lightning Bolt    |       |       |       |    70 |    19 ||    89
Invok: Stomp             |       |       |       |     4 |       ||     4
 Abil: Blink             |       |       |       |     5 |       ||     5
Evoke: Wand              |       |       |       |       |     4 ||     4
  Use: Scroll            |     1 |     2 |     5 |    15 |     5 ||    28
       Potion            |       |       |       |     4 |     1 ||     5
 Stab: Paralysed         |       |       |       |     2 |       ||     2
  Eat: Chunk             |     7 |    10 |    39 |    38 |     7 ||   101
       Ration            |       |       |     3 |     4 |       ||     7
Armor: Robe              |     4 |     7 |     6 |    12 |       ||    29
       Leather armour    |       |       |       |    10 |     5 ||    15
Dodge: Dodged            |    17 |    26 |    56 |   105 |    39 ||   243

Levels and vault maps discovered:
D:1:      onia_arrival_mini_maze_b, layout_loops_ring, minmay_door_square,
          nrook_campfire, minmay_worlds_worst_comb
D:2:      layout_loops_corners, dancing_weapons_uskayaw, minmay_misc_feat_plants
D:3:      cheibrodos_helix_gallery, layout_loops_ring,
          grunt_dithmenos_smoke_and_mirrors, makhleb_altar_promises_db,
          lemuel_coloured_pillars_altar, nicolae_gozag_zags_fifth_avenue
D:4:      layout_loops_ring, serial_shops, shop, shop, shop, first_ration
D:5:      layout_basic, old_standard_altar, nicolae_overflow_hidden_temple,
          marbit_many_paths
D:6:      layout_basic, overflow_temple_1_default, minitemple,
          minmay_temple_entry_statues_pillars, serial_shops, shop,
          minmay_large_rounded_square, minmay_misc_feat_room,
          guppyfry_early_elven_hall, uniq_edmund, uniq_menkaure,
          uniq_crazy_yiuf_cottage
D:7:      layout_loops_ring, nicolae_qazlal_general_emergency, grunt_ogre_cave
D:8:      layout_loops_ring
D:9:      layout_basic, gammafunk_temple_overflow_arena, david_lair_generic,
          bhauth_orc_berserkers, nemelex_spade_bored_becter, uniq_harold,
          uniq_erica
Lair:1:   layout_gridlike, grunt_forest_large_clearings, uniq_sonja, uniq_grum
Lair:2:   layout_misc_corridors, minmay_lair_oklob_chamber, lemuel_fruit_tree,
          lemuel_fruit_fields, infiniplex_staircase_pool_2
Lair:3:   layout_roguey [special_room_bee], minmay_lair_oklob_items
Lair:4:   layout_regular_city, swamp_mist, spider_nest_entry_rubble,
          serial_bayou_shore_a, grunt_megastairs_4
Lair:5:   layout_hall_layers, patterned_corridor, uniq_snorg
Lair:6:   guppyfry_lair_end_dragon, layout_long_grid, wormcave, slime_altar_1,
          grunt_megastairs_3, uniq_urug

Table legend:
 A = Turns spent in this place as a percentage of turns spent in the entire game.
 B = Non-inter-level travel turns spent in this place as a percentage of non-inter-level travel turns spent in the entire game.
 C = Inter-level travel turns spent in this place as a percentage of turns spent in this place.
 D = Turns resting spent in this place as a percentage of non-inter-level travel turns spent in this place.
 E = Turns spent auto-exploring this place as a percentage of non-inter-level travel turns spent in this place.
 F = Non-inter-level travel turns spent in this place divided by the number of levels of this place that you've seen.
                   A       B       C       D       E      F
               +-------+-------+-------+-------+-------+----------------------
         Total | 100.0 | 100.0 |   4.6 |  20.0 |  66.0 | 1362.0
       Dungeon |  67.4 |  66.3 |   6.3 |  19.1 |  66.3 | 1504.2
          Lair |  32.6 |  33.7 |   1.1 |  21.6 |  65.2 | 1148.7
               +-------+-------+-------+-------+-------+----------------------

Table legend:
 A = Kills in this place as a percentage of kills in entire the game.
 B = Kills by you in this place as a percentage of kills by you in the entire game.
 C = Kills by friends in this place as a percentage of kills by friends in the entire game.
 D = Other kills in this place as a percentage of other kills in the entire game.
 E = Experience gained in this place as a percentage of experience gained in the entire game.
 F = Experience gained in this place divided by the number of levels of this place that you have seen.
                   A       B       C       D       E      F
               +-------+-------+-------+-------+-------+----------------------
         Total | 100.0 | 100.0 |   N/A |   N/A | 100.0 | 3134.1
       Dungeon |  62.6 |  62.6 |   N/A |   N/A |  30.3 | 1584.0
          Lair |  37.4 |  37.4 |   N/A |   N/A |  69.7 | 5459.3
               +-------+-------+-------+-------+-------+----------------------
